 Dungeon Crawl Stone Soup version 0.29.0-7-g18a832c13a (webtiles) character file.

Game seed: 6584582894206742056

73 SensoryNuts the Slasher (level 4, -7/35 HPs)
             Began as a Demonspawn Fighter on Sept 1, 2022.
             Killed from afar by an orc wizard (8 damage)
             ... with a magic dart
             ... on level 3 of the Dungeon.
             The game lasted 00:01:52 (2234 turns).

SensoryNuts the Slasher (Demonspawn Fighter)        Turns: 2234, Time: 00:01:54

Health: -7/35      AC:  6    Str: 16    XL:     4   Next: 8%
Magic:  4/4        EV:  9    Int:  9    God:
Gold:   115        SH:  5    Dex: 15    Spells: 3/3 levels left

rFire   . . .      SeeInvis .   a - +0 long sword
rCold   . . .      Faith    .   c - +0 buckler
rNeg    . . .      Spirit   .   b - +0 scale mail
rPois   .          Reflect  .   (no helmet)
rElec   .          Harm     .   (no cloak)
rCorr   .          Rampage  .   (no gloves)
Will    .....                   (no boots)
Stlth   ..........              (no amulet)
HPRegen 0.11/turn               (no ring)
MPRegen 0.09/turn               (no ring)

@: mighty
A: powered by death 1
a: no special abilities


You were on level 3 of the Dungeon.
You visited 1 branch of the dungeon, and saw 3 of its levels.

You collected 115 gold pieces.

Inventory:

Hand Weapons
 a - a +0 long sword (weapon)
Armour
 b - a +0 scale mail (worn)
 c - a +0 buckler (worn)
Jewellery
 g - a ring of ice
Wands
 l - a wand of digging (2)
Scrolls
 e - a scroll of acquirement {unknown}
 h - 2 scrolls of immolation {unknown}
 i - 5 scrolls of identify {unknown}
 j - 3 scrolls of teleportation {unknown}
 k - a scroll of butterflies {unknown}
 o - a scroll of blinking {unknown}
Potions
 d - a potion of might
 f - 3 potions of curing
 m - a potion of heal wounds {unknown}
 n - a potion of magic {unknown}
 p - a potion of degeneration {unknown}


   Skills:
 + Level 3.1 Fighting
 * Level 3.2 Long Blades
 + Level 3.1 Armour
 + Level 0.4 Dodging
 + Level 2.9 Shields


You had 3 spell levels left.
You didn't know any spells.
Your spell library contained the following spells:

 Spells                   Type           Power      Damage    Failure   Level
 Stone Arrow              Conj/Erth      0%         3d7       99%         3
 Animate Armour           Summ/Erth      0%         N/A       100%        4
 Lehudib's Crystal Spear  Conj/Erth      0%         10d2      100%        8


Dungeon Overview and Level Annotations

Branches:
Dungeon (3/15)

Altars:


Innate Abilities, Weirdness & Mutations

You regenerate a little health from kills.


Message History

You kill the orc!
The orc misses you. The orc completely misses you.
You hear some strange, mumbled words.
A puff of flame appears from out of thin air!
The puff of flame hits you.
You miss something. The orc hits you with a +0 club.
You block the orc's attack. Something hits you.
* * * LOW HITPOINT WARNING * * *
You hear some strange, mumbled words.
You are confused.
The orc hits you with a +0 club.
* * * LOW HITPOINT WARNING * * *
The orc barely misses you.
You bump into the rock wall.
The orc barely misses you. The orc hits you with a +0 club.
* * * LOW HITPOINT WARNING * * *
Something hits you but does no damage.
You bump into the rock wall.
The orc closely misses you. The orc hits you but does no damage.
Something hits you but does no damage.
Unknown command.
It was a potion of curing.
You feel better. The orc hits you with a +0 club.
* * * LOW HITPOINT WARNING * * *
The orc hits you but does no damage. Something hits you but does no damage.
You slash something!
The orc barely misses you. x2; Something hits you.
* * * LOW HITPOINT WARNING * * *
You miss something. The orc closely misses you.
The orc hits you with a +0 club.
* * * LOW HITPOINT WARNING * * *
Something hits you but does no damage.
You feel very mighty all of a sudden. The orc closely misses you.
You block the orc's attack. Something hits you but does no damage.
You miss something. The orc hits you with a +0 club.
* * * LOW HITPOINT WARNING * * *
The orc hits you with a +0 club.
* * * LOW HITPOINT WARNING * * *
You hear some strange, mumbled words.
A magic dart appears from out of thin air!
The magic dart hits you!
You die...

#.#.)#.##......####..#
#.#..#.##......##....#
#....#.##......##.#.#####
####...##.#..#...........
#....##.#.........####.
#..........#.....#...#.
####....####†..###.....
### ###.o.....#.# #...##
.....##@####..#.. ###.#
......{)o# #.##### #.#
.............# #.##
..........#..########...
...................##..#
.......[...............#
.....##............###.#
..... ####.#.......#.#.#
##..# .#.......#...#


You could see 2 orcs.

Vanquished Creatures
  2 adders (D:2)
  2 worms (D:2)
  3 dart slugs
  2 orcs (D:3)
  3 endoplasms (D:2)
  3 hobgoblins
  3 jackals (D:1)
  5 kobolds
  2 quokkas (D:1)
  5 ball pythons
  4 bats
  A frilled lizard (D:2)
  4 goblins
  A rat (D:1)
  A spectral kobold (D:1)
41 creatures vanquished.

Notes
Turn   | Place    | Note
-------+----------+-------------------------------------------
     0 | D:1      | SensoryNuts the Demonspawn Fighter began the quest for the
                  | Orb.
     0 | D:1      | Reached XP level 1. HP: 18/18 MP: 1/1
   159 | D:1      | Found a faded altar of an unknown god.
   232 | D:1      | Gained mutation: You regenerate a little health from kills.
                  | [demonic ancestry]
   232 | D:1      | Reached XP level 2. HP: 15/24 MP: 2/2
  1155 | D:2      | Reached XP level 3. HP: 15/29 MP: 3/3
  2164 | D:3      | Reached XP level 4. HP: 35/35 MP: 4/4
  2234 | D:3      | HP: 1/35 [orc/+0 club (1)]
  2234 | D:3      | Killed from afar by an orc wizard

Illustrated notes

Levels and vault maps discovered:
D:1:      sevenhm_arrival_forest_fort_large_2, layout_loops_cross,
          dreamdust_ecumenical_altar_drowned_temple
D:2:      layout_basic
D:3:      layout_basic, grunt_dithmenos_smoke_and_mirrors,
          kennysheep_generic_room_2, uniq_sigmund, uniq_terence

Skill      XL: |  1  2  3 |
---------------+----------+-----
Long Blades    | 2 3 |  3.2
Armour         | 3 |  3.1
Fighting       | |  3.1
Dodging        | |  0.4
Shields        | |  2.9

Action                   |  1- 3 |  4- 6 || total
-------------------------+-------+-------++-------
Melee: Long sword        |   137 |    18 ||   155
  Use: Potion            |       |     2 ||     2
Armor: Scale mail        |    53 |    13 ||    66
Dodge: Dodged            |    54 |    16 ||    70
Block: Buckler           |    23 |     7 ||    30
